 Dungeon Crawl Stone Soup version 0.27.0-1-g7a089689b8 (webtiles) character file.

Game seed: 8017939917465165745

292 Malachi the Magician (level 6, -13/40 HPs)
             Began as a Djinni Conjurer on Aug 11, 2021.
             Was a Follower of Uskayaw.
             Mangled by an ogre (17 damage)
             ... on level 4 of the Dungeon.
             The game lasted 00:08:46 (4779 turns).

Malachi the Magician (Djinni Conjurer)              Turns: 4779, Time: 00:08:46

Health: -13/40     AC:  6    Str:  6      XL:     6   Next: 59%
Gold:   132        EV: 12    Int: 27 (29) God:    Uskayaw [*.....] SH:  0 Dex: 14

rFire    + + .     SeeInvis .   (no weapon)
rCold    x . .     Faith    .   (no shield)
rNeg     . . .     Spirit   .   d - +1 robe of Vehumet's Delight {rPois Int+7 Stlth-}
rPois    ∞         Reflect  .   (no helmet)
rElec    .         Harm     .   (no cloak)
rCorr    .         Rampage  .   c - +2 pair of gloves {Dex+3}
Will     .....                  (boots unavailable)
Stlth    +.........             (no amulet)
HPRegen  0.13/turn              (no ring)
MPRegen  0.00/turn              (no ring)

@: flying
A: sickness immunity, fire resistance 2, cold vulnerability 1, float, innate
caster, hp casting, extra vitality 1
a: Renounce Religion, Stomp


You were on level 4 of the Dungeon.
You worshipped Uskayaw.
Uskayaw was noncommittal.
You visited 1 branch of the dungeon, and saw 4 of its levels.

You collected 509 gold pieces.
You spent 377 gold pieces at shops.

Inventory:

Armour
 a - a +0 robe
 c - a +2 pair of gloves of dexterity (worn)
 d - the +1 robe of Vehumet's Delight (worn) {rPois Int+7 Stlth-}
   (You bought it in a shop on level 2 of the Dungeon)

   Int:       It affects your intelligence (+7).
   rPois:     It protects you from poison.
   Stlth:     It makes you less stealthy.
Wands
 b - a wand of charming (9)
 f - a wand of digging (3)
Scrolls
 e - 2 scrolls of teleportation
 h - a scroll of enchant armour
 i - a scroll of vulnerability {unknown}
Potions
 g - 3 potions of heal wounds


   Skills:
 + Level 0.2 Fighting
 + Level 2.8 Dodging
 + Level 2.7 Stealth
 + Level 5.2 Spellcasting


You couldn't memorise any spells.
You knew the following spells:

 Your Spells              Type           Power      Damage    Failure   Level
a - Magic Dart            Conj           100%       1d8       1%          1
b - Searing Ray           Conj           70%        3d5       1%          2
c - Dazzling Flash        Conj/Hex       70%        N/A       2%          3
d - Fulminant Prism       Conj/Hex       17%        3d11      8%          4
e - Iskenderun's Mystic   Conj/Tloc      35%        2d8       8%          4
f - Freeze                Ice            100%       1d11      1%          1
g - Wereblood             Tmut           35%        N/A       1%          2
Your spell library was empty.

Dungeon Overview and Level Annotations

Branches:
Dungeon (4/15)
 Temple: D:4-7

Altars:
Ru
Uskayaw

Shops:
D:1 !   D:2 [   D:3 *

Annotations:
D:4 Robin


Innate Abilities, Weirdness & Mutations

You are immune to sickness and miasma.
You are immune to poison.
Your flesh is very heat resistant. (rF++)
You are vulnerable to cold. (rC-)
You float through the air rather than walking.
You learn spells naturally, not from books.
Your magical power is your life essence.
You have superior vitality. (+4 HP)


Message History

Found a leather armour.
Found 13 stones.
You see here a +0 animal skin.
You see here a +0 leather armour.
You reach down and open the door.
Found a sacrificial altar of Ru.
Found an escape hatch in the floor.
There is an open door here.
An ogre is nearby!
The ogre shouts!
Casting: Magic Dart (safe; 1% risk of failure)
Confirm with . or Enter, or press ? or * to list all spells.
Aiming: Searing Ray (safe; 1% risk of failure)
Press: ? - help, Shift-Dir - straight line, f - ogre
Aim: an ogre, wielding a +0 giant club (91% to hit)
The searing ray misses the ogre. (Press . to maintain the ray.)
The searing ray hits the ogre.
The ogre is lightly wounded.
The searing ray hits the ogre!
The ogre is heavily wounded.
You can now pass through a line of other dancers.
The searing ray misses the ogre.
You finish channeling your searing ray.
The ogre hits you with a +0 giant club! The ogre misses you.
Unknown command.
Casting: Searing Ray (safe; 1% risk of failure)
Confirm with . or Enter, or press ? or * to list all spells.
Okay, then.
Casting: Searing Ray (safe; 1% risk of failure)
Confirm with . or Enter, or press ? or * to list all spells.
The ogre is dazzled.
The ogre hits you with a +0 giant club!
* * * LOW HITPOINT WARNING * * *
You can no longer pass through a line of other dancers.
The ogre is no longer blind.
Found 15 arrows.
Casting: Dazzling Flash (dangerous; 2% risk of failure)
Confirm with . or Enter, or press ? or * to list all spells.
* * * LOW HITPOINT WARNING * * *
The ogre hits you with a +0 giant club!
You die...

#####..###..# ##.....
#..........##.. #...>..
###......#....#..###......
##.##.....#......##........
##..#................##.....
###..............?.##.....g... #
#.................##.....g÷...
..##.##........O....####..)g.#...
..........#.....@.....##...####.#
...#...................#..## #.g
#.##.#....................#####..
####.#...............##....##<#..
#..................##....gO.##.
##...#.............###..#.#.#..
#####.............# #.####....
#......######(# #. ###..
#......#≈≈§≈# #. #..


You could see an ogre.

Vanquished Creatures
  A steam dragon (D:4)
  A hound (D:4)
  A jelly (D:4)
  5 adders
  A worm (D:4)
  A dart slug (D:1)
  6 endoplasms
  2 giant cockroaches
  10 goblins
  9 hobgoblins
  2 jackals (D:3)
  5 kobolds
  3 quokkas
  7 ball pythons
  4 frilled lizards
  8 rats
66 creatures vanquished.

Notes
Turn   | Place    | Note
-------+----------+-------------------------------------------
     0 | D:1      | Malachi the Djinni Conjurer began the quest for the Orb.
     0 | D:1      | Reached XP level 1. HP: 15/15 MP: 0/0
   184 | D:1      | Reached XP level 2. HP: 18/21 MP: 0/0
   463 | D:1      | Found Pexeefuwak's Distillery.
   977 | D:1      | Found a faded altar of an unknown god.
  1164 | D:1      | Became a worshipper of Uskayaw the Reveller
  1164 | D:1      | Reached * piety under Uskayaw
  1189 | D:2      | Reached ** piety under Uskayaw
  1192 | D:2      | Reached XP level 3. HP: 20/25 MP: 0/0
  1192 | D:2      | Learned a level 1 spell: Freeze
  1348 | D:2      | Reached *** piety under Uskayaw
  1562 | D:2      | Reached skill level 4 in Spellcasting
  1817 | D:2      | Reached XP level 4. HP: 26/31 MP: 0/0
  2465 | D:2      | Found Xaqeny's Antique Armour Emporium.
  2596 | D:2      | Identified a scroll of acquirement
  2596 | D:2      | Acquired 462 gold pieces
  2833 | D:2      | Bought a pair of runed gloves for 135 gold pieces
  2833 | D:2      | Bought a sheer robe for 102 gold pieces
  2833 | D:2      | Identified the +1 robe of Vehumet's Delight {rPois Int+7
                  | Stlth-} (You bought it in a shop on level 2 of the Dungeon)
  2982 | D:1      | Bought a potion of heal wounds for 70 gold pieces
  2982 | D:1      | Bought a potion of heal wounds for 70 gold pieces
  3205 | D:3      | Found Nuerucum's Assorted Antiques.
  3777 | D:4      | Noticed Robin
  3918 | D:4      | Reached XP level 5. HP: 32/35 MP: 0/0
  3918 | D:4      | Learned a level 2 spell: Wereblood
  4090 | D:4      | Noticed a steam dragon
  4100 | D:4      | Killed a steam dragon
  4101 | D:4      | Reached skill level 5 in Spellcasting
  4101 | D:4      | Reached XP level 6. HP: 19/40 MP: 0/0
  4279 | D:4      | Noticed an ogre
  4287 | D:4      | HP: 1/40 [ogre (24)]
  4731 | D:4      | Found a sacrificial altar of Ru.
  4779 | D:4      | Mangled by an ogre

Illustrated notes

Levels and vault maps discovered:
D:1:      lemuel_arrival_cross, layout_basic,
          shapermc_ecumenical_altar_flowoftime, serial_shops, shop,
          roderic_lattice_a
D:2:      minmay_chambers_of_ones, layout_loops_ring, serial_shops,
          nicolae_lakefront_shop
D:3:      layout_loops_cross, serial_shops, shop
D:4:      layout_cave_pools, general_overflow_altar,
          hangedman_abyss_or_decor_passed, uniq_robin

Skill      XL: |  1  2  3  4  5 |
---------------+----------------+-----
Spellcasting   | 4 5 |  5.2
Stealth        | 2 |  2.7
Fighting       | |  0.2
Dodging        | |  2.8

Action                   |  1- 3 |  4- 6 || total
-------------------------+-------+-------++-------
 Cast: Magic Dart        |    64 |    38 ||   102
       Searing Ray       |     1 |    12 ||    13
       Wereblood         |       |     1 ||     1
       Dazzling Flash    |       |     3 ||     3
Invok: Stomp             |     1 |       ||     1
  Use: Scroll            |       |     6 ||     6
       Potion            |       |     6 ||     6
Armor: Robe              |     1 |     3 ||     4
Dodge: Dodged            |    11 |    11 ||    22
